 Dungeon Crawl Stone Soup version 0.19-a0-1886-gd64a0f0 (webtiles) character file.

121 Morenatsu the Slasher (level 5, -3/48 HPs)
             Began as a Tengu Berserker on Oct 15, 2016.
             Was a Believer of Trog.
             Killed by divine providence
             ... invoked by an orc priest
              (13 damage)
             ... on level 3 of the Dungeon.
             The game lasted 00:05:07 (2809 turns).

Morenatsu the Slasher (Tengu Berserker)             Turns: 2809, Time: 00:05:08

Health: -3/48      AC:  2    Str: 22    XL:     5   Next: 5%
Magic:  6/6        EV: 13    Int:  7    God:    Trog [**....]
Gold:   86         SH:  0    Dex: 15    Spells: 0 memorised, 4 levels left

rFire  . . .     SeeInvis .     n - +0 great sword (curse)
rCold  . . .     Gourm    .     b - +0 animal skin
rNeg   . . .     Faith    .     (shield currently unavailable)
rPois  .         Spirit   .     (helmet restricted)
rElec  .         Dismiss  .     (no cloak)
rCorr  .         Reflect  .     (no gloves)
MR     .....     Harm     .     (boots unavailable)
Stlth  ..........               (no amulet)
                                (no ring)
                                (no ring)

@: berserking, very quick
A: beak, talons 3, able to fly 1
a: Fly, Berserk, Trog's Hand, Burn Spellbooks, Renounce Religion


You were on level 3 of the Dungeon.
You worshipped Trog.
Trog was pleased with you.
You were hungry.

You visited 1 branch of the dungeon, and saw 3 of its levels.

You collected 86 gold pieces.

Inventory:

Hand Weapons
 a - a +0 falchion
 n - a cursed +0 great sword (weapon)
Armour
 b - a +0 animal skin (worn)
Scrolls
 e - 2 scrolls of teleportation
 f - 5 scrolls of identify
Potions
 d - a potion of lignification {unknown}
 g - a potion of haste {unknown}
 h - 3 potions of heal wounds {unknown}
 j - a potion of ambrosia {unknown}
Books
 m - a book of Minor Magic

   Spells                             Type                      Level
   a - Magic Dart                     Conjuration                  1
   b - Blink                          Translocation                2
   c - Call Imp                       Summoning                    2
   d - Repel Missiles                 Charms/Air                   2
   e - Slow                           Hexes                        2
   f - Conjure Flame                  Conjuration/Fire             3
   g - Mephitic Cloud                 Conjuration/Poison/Air       3
   Trog disapproves of the use of such an item.
Comestibles
 c - 2 bread rations
 i - 2 chunks of flesh


   Skills:
 - Level 3.0 Fighting
 + Level 6.1 Long Blades
 - Level 2.1 Armour
 - Level 2.1 Dodging


You had 4 spell levels left.
You didn't know any spells.

Dungeon Overview and Level Annotations

Branches:
Dungeon (3/15)

Altars:
Kikubaaqudgha
Sif Muna
Trog
Vehumet


Innate Abilities, Weirdness & Mutations

You have a beak for a mouth.
You have claws for feet.
You can fly.


Message History

Beogh smites you!
* * * LOW HITPOINT WARNING * * *
The orc priest barely misses you.
You see here a ring mail.
You slice the orc priest!!
You kill the orc priest!
Trog accepts your kill.
Your Long Blades skill increases to level 6!
You have reached level 5!
You have gained the ability to fly.
The orc priest looks encouraged for a moment.
The orc priest misses you.
You riposte.
You completely miss the orc priest. Your kick misses the orc priest.
Things that are here:
a club; an orc corpse You hit the orc priest.
You claw the orc priest. You peck the orc priest.
The orc priest is severely wounded.
The orc priest calls down the wrath of Beogh upon you.
Beogh smites you!
You die...

###.######....#.#...
............###.#...
###.######..# . .#
###.# #..# .#.# ....#
##...# ..[# ###.#
#....####..# #.#
#.......#.. #.#
#.#####..o# #.####.#
#.#@# #......# #.#[#
#.####.# #.#.#
#.##...#####.#.###
#.##.#.......#...###.
#.##.#..<...........#
#.#....##.######.###.#
#...#..#### .#
###...## .#


You could see an orc priest.

Vanquished Creatures
  An orc priest (D:3)
  2 adders
  6 worms (D:2)
  A dart slug (D:2)
  4 leopard geckos
  An orc (D:3)
  A ball python (D:1)
  A giant cockroach (D:1)
  2 goblins
  3 hobgoblins
  8 jackals
  A quokka (D:2)
  6 bats
  6 frilled lizards
  3 kobolds (D:2)
  7 rats
53 creatures vanquished.

Notes
Turn   | Place    | Note
-------+----------+-------------------------------------------
     0 | D:1      | Morenatsu the Tengu Berserker began the quest for the Orb.
     0 | D:1      | Reached XP level 1. HP: 14/14 MP: 2/2
   394 | D:1      | Reached XP level 2. HP: 9/19 MP: 3/3
   395 | D:1      | Reached skill level 4 in Long Blades
  1201 | D:2      | Noticed a moth of wrath
  1220 | D:2      | Reached XP level 3. HP: 19/23 MP: 4/4
  1520 | D:2      | Found a radiant altar of Vehumet.
  1525 | D:2      | Found an ancient bone altar of Kikubaaqudgha.
  1526 | D:2      | Found a deep blue altar of Sif Muna.
  1638 | D:2      | Found a bloodstained altar of Trog.
  1648 | D:2      | Reached skill level 5 in Long Blades
  1651 | D:2      | Reached ** piety under Trog
  1858 | D:2      | Reached XP level 4. HP: 23/28 MP: 5/5
  2807 | D:3      | Reached skill level 6 in Long Blades
  2807 | D:3      | Gained mutation: You can fly. [Tengu growth]
  2807 | D:3      | Reached XP level 5. HP: 10/32 MP: 6/6
  2809 | D:3      | Killed from afar by an orc priest

Vault maps used:
D:1:      dpeg_arrival_short_road
D:2:      grunt_temple_overflow_magic_moments, tgw_trog, grunt_ministairs_10
D:3:      nicolae_overflow_crystal_walls, kennysheep_generic_room_15

Skill      XL: |  1  2  3  4 |
---------------+-------------+-----
Long Blades    | 4 5 6 |  6.1
Fighting       | |  3.0
Armour         | |  2.1
Dodging        | |  2.1

Action                   |  1- 3 |  4- 6 || total
-------------------------+-------+-------++-------
Melee: Falchion          |    69 |       ||    69
       Kick              |    24 |    17 ||    41
       Peck              |    12 |    12 ||    24
       Great sword       |     4 |    50 ||    54
Invok: Berserk           |     2 |     1 ||     3
       Burn Spellbooks   |     1 |       ||     1
  Use: Scroll            |       |     4 ||     4
 Stab: Sleeping          |     1 |     1 ||     2
  Eat: Chunk             |     5 |     3 ||     8
Armor: Animal skin       |    13 |     8 ||    21
Dodge: Dodged            |    61 |    45 ||   106
       Rpst.: Falchion   |    14 |       ||    14
       Great sword       |     2 |    16 ||    18
